 Dungeon Sprint DCSS version 0.27-a0-1217-g8a41f320e8 (webtiles) character file.

Game seed: 4836338074338673067

7013 mhtbhm the Imperceptible (level 10, -1/76 HPs)
             Began as a Felid Berserker on June 5, 2021.
             Was the Champion of Trog.
             Slain by a spriggan defender
             ... wielding a +6 quick blade
              (7 damage)
             ... in the Dungeon (Sprint IV: "Fedhas' Mad Dash").
             The game lasted 00:06:19 (4629 turns).

mhtbhm the Imperceptible (Felid Berserker)          Turns: 4629, Time: 00:06:20

Health: -1/76      AC:  2    Str: 16    XL:     10   Next: 82%
Magic:  11/11      EV: 28    Int:  8    God:    Trog [******]
Gold:   321        SH:  0    Dex: 17    Spells: 9/9 levels left
                                        Lives:  0   Deaths: 2

rFire    . . .     SeeInvis +     - Unarmed
rCold    . . .     Faith    .   (shield unavailable)
rNeg     . . .     Spirit   .   (armour unavailable)
rPois    .         Reflect  .   (helmet unavailable)
rElec    .         Harm     .   (cloak unavailable)
rCorr    .         Rampage  .   (gloves unavailable)
Will     +....     NoTele   +   (boots unavailable)
Stlth    ..........             g - amulet of invisibility {+Inv}
HPRegen  0.22/turn              (no ring)
MPRegen  0.12/turn              (no ring)

@: berserking, very quick
A: very small, claws 1, fangs 3, see invisible, speed 1, shaggy fur 2, stealthy
paws, no weapons or thrown items, no armour, multi-lived
a: Renounce Religion, Evoke Invisibility, Berserk, Trog's Hand, Brothers in Arms


You were in the Dungeon.
You worshipped Trog.
Trog was exalted by your worship.
You visited 1 branch You collected 515 gold pieces.
You spent 194 gold pieces at shops.

Inventory:

Jewellery
 b - the amulet of Owkimucs {Acrobat Harm rPois}
   (You found it in the Dungeon)

   [amulet of the acrobat]

   It increases your evasion while moving and waiting.
   It protects you from poison.
   It increases damage dealt and taken.
 g - the amulet of invisibility (around neck) {+Inv}
   (You found it in the Dungeon)

   [amulet of nothing]

   It lets you turn invisible.
Scrolls
 f - 3 scrolls of blinking
 h - a scroll of immolation
 i - a scroll of identify
Potions
 c - a potion of haste
 d - 2 potions of magic
 e - a potion of berserk rage
 j - a potion of lignification


   Skills:
 + Level 10.5 Fighting
 + Level 15.4 Dodging
 + Level 23.4 Stealth
 + Level 17.8 Unarmed Combat
 + Level 11.9 Evocations


You had 9 spell levels left.
You didn't know any spells.
Your spell library was empty.

Dungeon Overview and Level Annotations

Branches:
Dungeon (1/1)

Altars:
Cheibriados
Dithmenos
Elyvilon
Gozag
Hepliaklqana
Kikubaaqudgha
Makhleb
Nemelex Xobeh
Okawaru
Qazlal
Ru
Sif Muna
Trog
Uskayaw
Vehumet
Wu Jian
Xom
Yredelemnul
Zin
The Shining One
Beogh
Jiyva
Lugonu

Shops:
D (((*(:[?:[[(*(:**?!=*


Innate Abilities, Weirdness & Mutations

You have sharp claws.
You have razor-sharp teeth.
You have supernaturally acute eyesight. (SInv)
You cover ground quickly. (Speed+)
You are covered in thick fur. (AC +2)
Your paws help you pounce on unaware monsters.
You are incapable of wielding weapons or throwing items.
You cannot wear armour.
You gain extra lives every three experience levels.


Message History

Unknown command.
Unknown command.
You claw the spriggan defender!
The spriggan defender is moderately wounded.
The spriggan druid points at you and mumbles some strange words.
The stone arrow misses you.
The spriggan defender hits you with a +6 quick blade!!
* * * LOW HITPOINT WARNING * * *
Things that are here:
a +0 rapier of electrocution; a +0 robe; a +0 buckler Unknown command.
You mangle the spriggan druid!! Your claw misses the spriggan druid.
The spriggan druid is heavily wounded.
The spriggan defender hits you with a +6 quick blade!!
* * * LOW HITPOINT WARNING * * *
Unknown command.
You claw the spriggan druid! Your bite misses the spriggan druid.
The spriggan druid is severely wounded.
The spriggan druid hits you with a +0 quarterstaff!!
You die...
You are now level 10!
You rejoin the land of the living...
Unknown command.
A tree reaches out and hits you!
You feel roots moving beneath the ground.
A root smacks you from below!
You are hit by a branch!
* * * LOW HITPOINT WARNING * * *
The spriggan defender completely misses you.
A red film seems to cover your vision as you go berserk!
You feel yourself moving faster!
You feel mighty!
Trunks creak and shift.
The spriggan druid calls out to the beasts of the wild!
You miss the spriggan druid. You claw the spriggan druid!!
You kill the spriggan druid!
Trog accepts your kill.
Trog appreciates your killing of a magic user.
The forest abruptly stops moving.
The spriggan defender hits you with a +6 quick blade!
You die...

.....|###
##########
.........#########
.........'.......#
.........#######)#
################.#
.♣..♣..♣..♣..#
............)#
.♣..♣..♣..♣i@#
##########


You could see a spriggan defender.

Vanquished Creatures
  Agnes (D)
  A ghost moth (D)
  A spriggan defender (D)
  2 spriggan berserkers (D)
  2 spriggan druids (D)
  23 oklob plants (D)
  3 demonic crawlers (D)
  3 burning bushes (D)
  A queen bee (D)
  3 wandering mushrooms (D)
  2 hornets (D)
  4 scorpions (D)
  4 killer bees (D)
  5 oklob saplings (D)
  7 spriggans (D)
  A river rat (D)
  A rat (D)
  A ballistomycete spore (D)
65 creatures vanquished.

Vanquished Creatures (collateral kills)
  A spriggan defender (D)
  A spriggan (D)
  4 hornets (D)
6 creatures vanquished.

Vanquished Creatures (others)
  A ballistomycete spore (D)
  A bush (D)
2 creatures vanquished.

Grand Total: 73 creatures vanquished

Notes
Turn   | Place    | Note
-------+----------+-------------------------------------------
     0 | D        | mhtbhm the Felid Berserker began the quest for the Orb.
     0 | D        | Reached XP level 1. HP: 10/10 MP: 2/2
    15 | D        | Reached skill level 5 in Dodging
    15 | D        | Reached XP level 2. HP: 15/15 MP: 3/3
   226 | D        | Noticed an oklob sapling
   330 | D        | Killed an oklob sapling
   330 | D        | Reached ** piety under Trog
   331 | D        | Reached XP level 3. HP: 18/18 MP: 4/4
   573 | D        | Noticed a scorpion
   574 | D        | Found the amulet of invisibility {+Inv}
   577 | D        | Killed a scorpion
   578 | D        | Reached skill level 5 in Fighting
   578 | D        | Reached skill level 5 in Unarmed Combat
   578 | D        | Reached XP level 4. HP: 22/24 MP: 5/5
   912 | D        | Found an opulent altar of Gozag.
   912 | D        | Found a hazy altar of Hepliaklqana.
   912 | D        | Found a burning altar of Makhleb.
   912 | D        | Found a sparkling altar of Nemelex Xobeh.
   912 | D        | Found a snail-covered altar of Cheibriados.
   912 | D        | Found a sacrificial altar of Ru.
   912 | D        | Found a shimmering blue altar of Sif Muna.
   912 | D        | Found a shimmering altar of Xom.
   912 | D        | Found a basalt altar of Yredelemnul.
   913 | D        | Found a viscous altar of Jiyva.
   913 | D        | Found a bloodstained altar of Trog.
   913 | D        | Found an ornate altar of the Wu Jian Council.
   914 | D        | Found an iron altar of Okawaru.
   914 | D        | Found a shadowy altar of Dithmenos.
   914 | D        | Found a glowing silver altar of Zin.
   915 | D        | Found an ancient bone altar of Kikubaaqudgha.
   915 | D        | Found a hide-covered altar of Uskayaw.
   916 | D        | Found a stormy altar of Qazlal.
   916 | D        | Found a white marble altar of Elyvilon.
   916 | D        | Found a glowing golden altar of the Shining One.
   917 | D        | Found a corrupted altar of Lugonu.
   917 | D        | Found a radiant altar of Vehumet.
   922 | D        | Reached skill level 1 in Stealth
   922 | D        | Reached XP level 5. HP: 28/28 MP: 3/6
   935 | D        | Reached skill level 2 in Stealth
   935 | D        | Reached skill level 1 in Evocations
  1102 | D        | Reached *** piety under Trog
  1109 | D        | Gained mutation: You are covered in thick fur. (AC +2)
                  | [Felid growth]
  1109 | D        | Reached XP level 6. HP: 33/33 MP: 7/7
  1366 | D        | Found Kiqoeq's Book Shop.
  1366 | D        | Found Tulofux's Antique Weapon Emporium.
  1389 | D        | Noticed a burning bush
  1389 | D        | Noticed a wandering mushroom
  1390 | D        | Noticed a wandering mushroom
  1395 | D        | Killed a wandering mushroom
  1396 | D        | Reached skill level 10 in Dodging
  1396 | D        | Reached skill level 4 in Stealth
  1398 | D        | Reached **** piety under Trog
  1399 | D        | Reached skill level 5 in Stealth
  1399 | D        | Reached XP level 7. HP: 37/37 MP: 5/8
  1405 | D        | Killed a burning bush
  1406 | D        | Reached skill level 6 in Stealth
  1406 | D        | Reached skill level 10 in Unarmed Combat
  1407 | D        | Killed a wandering mushroom
  1408 | D        | Reached skill level 7 in Stealth
  1438 | D        | Found Gutat's Distillery.
  1438 | D        | Found Doypp's Magic Scroll Shoppe.
  1439 | D        | Found the +8 orange crystal plate armour {Archmagi, Int+3
                  | Clar}
  1484 | D        | Reached XP level 8. HP: 42/42 MP: 9/9
  1497 | D        | Noticed a queen bee
  1508 | D        | Killed a queen bee
  1509 | D        | Reached skill level 8 in Stealth
  1509 | D        | Reached ***** piety under Trog
  1515 | D        | Noticed an oklob plant
  1518 | D        | Killed an oklob plant
  1519 | D        | Reached skill level 10 in Fighting
  1519 | D        | Reached skill level 10 in Stealth
  1519 | D        | Reached skill level 5 in Evocations
  1664 | D        | Noticed a burning bush
  1677 | D        | Killed a burning bush
  1678 | D        | Reached skill level 11 in Stealth
  1678 | D        | Reached XP level 9. HP: 31/46 MP: 10/10
  1837 | D        | Noticed a burning bush
  1837 | D        | Noticed an oklob plant
  1838 | D        | Noticed a wandering mushroom
  1839 | D        | Killed a burning bush
  1844 | D        | Killed an oklob plant
  1845 | D        | Reached skill level 13 in Stealth
  1848 | D        | Killed a wandering mushroom
  1919 | D        | Noticed a spriggan druid
  1920 | D        | Killed a spriggan druid
  1920 | D        | Reached ****** piety under Trog
  1921 | D        | Reached skill level 14 in Stealth
  1934 | D        | Noticed an oklob plant conjurer
  1935 | D        | Killed an oklob plant conjurer
  2107 | D        | Noticed an oklob plant
  2107 | D        | Noticed an oklob plant summoner
  2108 | D        | Noticed an oklob plant shifter
  2112 | D        | Killed an oklob plant
  2113 | D        | Reached skill level 15 in Stealth
  2113 | D        | Reached XP level 10. HP: 51/51 MP: 8/11
  2114 | D        | Killed an oklob plant summoner
  2115 | D        | Reached skill level 16 in Stealth
  2117 | D        | Killed an oklob plant shifter
  2262 | D        | Noticed a spriggan rider
  2263 | D        | Found Opteterch's Jewellery Emporium.
  2267 | D        | Found Conyuxo's Assorted Antiques.
  2279 | D        | Reached skill level 17 in Stealth
  2280 | D        | HP: 1/76 [spriggan rider/+0 spear (8)]
  2281 | D        | Killed a spriggan rider
  2613 | D        | Noticed Agnes
  2615 | D        | Found Izuveeff's General Store.
  2615 | D        | Noticed a spriggan berserker
  2617 | D        | Found Ripoufyl's General Store.
  2619 | D        | Killed Agnes
  2620 | D        | Reached skill level 19 in Stealth
  2620 | D        | Reached skill level 15 in Unarmed Combat
  2624 | D        | Killed a spriggan berserker
  2625 | D        | Reached XP level 11. HP: 54/54 MP: 12/12
  2630 | D        | Noticed a spriggan defender
  2634 | D        | Killed a spriggan defender
  2868 | D        | Bought a scroll of identify for 22 gold pieces
  2868 | D        | Bought a scroll of identify for 22 gold pieces
  2882 | D        | Noticed a spriggan rider
  3031 | D        | Reached skill level 20 in Stealth
  3217 | D        | Noticed a ghost moth
  3508 | D        | Found File Aru's Weapon Emporium.
  3508 | D        | Found Dakanel's Antique Weapon Boutique.
  3508 | D        | Found Esolaxtu's Weapon Shoppe.
  3514 | D        | Killed a ghost moth
  3683 | D        | Noticed an oklob plant shifter
  3683 | D        | Noticed an oklob plant meteorologist
  3689 | D        | Killed an oklob plant meteorologist
  3699 | D        | Killed an oklob plant shifter
  3700 | D        | Reached skill level 10 in Evocations
  3798 | D        | Noticed a spriggan rider
  3805 | D        | Paralysed by a hornet for 1 turns
  3806 | D        | Slain by a demonic crawler
  3807 | D        | Reached XP level 10. HP: -1/76 MP: 11/11
  3813 | D        | Reached skill level 21 in Stealth
  3816 | D        | Killed a spriggan rider
  4119 | D        | Found Boqomm's Antique Weapon Shoppe.
  4119 | D        | Found Avojifa's Book Boutique.
  4119 | D        | Found Eklese's General Store.
  4119 | D        | Found Unuun's Magic Scroll Emporium.
  4119 | D        | Found Vyologi's Antique Armour Shoppe.
  4120 | D        | Found Osoitua's Antique Armour Emporium.
  4120 | D        | Found Hilodev's Antique Armour Shop.
  4120 | D        | Found Azapnyet's Book Boutique.
  4141 | D        | Bought a scroll of blinking for 75 gold pieces
  4141 | D        | Bought a scroll of blinking for 75 gold pieces
  4158 | D        | Noticed an oklob plant summoner
  4160 | D        | Found Pomimanu's Antique Weapon Emporium.
  4161 | D        | Found Zoleil's General Store.
  4166 | D        | Killed an oklob plant summoner
  4232 | D        | Noticed an oklob plant demonologist
  4232 | D        | Noticed an oklob plant annihilator
  4233 | D        | Noticed a spriggan berserker
  4239 | D        | Killed an oklob plant annihilator
  4241 | D        | Killed a spriggan berserker
  4242 | D        | Reached XP level 11. HP: 55/55 MP: 10/12
  4243 | D        | Killed an oklob plant demonologist
  4244 | D        | Reached skill level 15 in Dodging
  4245 | D        | Identified the +7 spear of Ascent {venom, Fly Dex+3 Stlth-}
  4250 | D        | Identified the amulet of Owkimucs {Acrobat Harm rPois}
  4422 | D        | Noticed an oklob plant
  4422 | D        | Noticed an oklob plant
  4422 | D        | Noticed an oklob plant
  4422 | D        | Noticed an oklob plant
  4422 | D        | Noticed an oklob plant
  4422 | D        | Noticed an oklob plant
  4423 | D        | Noticed an oklob plant
  4424 | D        | Killed an oklob plant
  4425 | D        | Noticed an oklob plant
  4426 | D        | Killed an oklob plant
  4427 | D        | Noticed an oklob plant
  4428 | D        | Killed an oklob plant
  4429 | D        | Noticed an oklob plant
  4430 | D        | Killed an oklob plant
  4431 | D        | Reached skill level 22 in Stealth
  4431 | D        | Noticed an oklob plant
  4432 | D        | Killed an oklob plant
  4433 | D        | Noticed an oklob plant
  4434 | D        | Killed an oklob plant
  4436 | D        | Killed an oklob plant
  4438 | D        | Killed an oklob plant
  4440 | D        | Killed an oklob plant
  4442 | D        | Killed an oklob plant
  4444 | D        | Killed an oklob plant
  4445 | D        | Reached skill level 23 in Stealth
  4446 | D        | Killed an oklob plant
  4601 | D        | Noticed a spriggan defender
  4601 | D        | Noticed a spriggan defender
  4604 | D        | Noticed a spriggan druid
  4617 | D        | Killed a spriggan defender
  4621 | D        | HP: 3/82 [spriggan defender/+6 quick blade (18)]
  4622 | D        | Demolished by a spriggan druid
  4623 | D        | Reached XP level 10. HP: -16/76 MP: 11/11
  4629 | D        | Killed a spriggan druid
  4629 | D        | Slain by a spriggan defender

Illustrated notes

Levels and vault maps discovered:
D:        dungeon_sprint_fedhas [sprint_temple]

Skill      XL: |  1  2  3  4  5  6  7  8  9 10 11 |
---------------+----------------------------------+-----
Dodging        | 5 6 7 8 9 11 12 13 15 | 15.4
Fighting       | 4 5 6 7 8 9 10 | 10.5
Unarmed Combat | 4 5 6 7 9 10 12 13 15 17 | 17.8
Stealth        | 1 2 5 7 11 15 21 23 | 23.4
Evocations     | 1 2 3 5 7 9 11 | 11.9

Action                   |  1- 3 |  4- 6 |  7- 9 | 10-12 || total
-------------------------+-------+-------+-------+-------++-------
Melee: Unarmed           |     6 |    17 |    30 |    78 ||   131
       Punch             |     1 |     1 |     2 |     6 ||    10
       Bite              |       |     2 |     2 |     8 ||    12
Invok: Berserk           |     3 |     3 |     1 |     9 ||    16
       Brothers in Arms  |       |       |       |     4 ||     4
 Abil: Evoke Invisibilit |       |     2 |     3 |     6 ||    11
  Use: Potion            |       |       |       |     2 ||     2
       Scroll            |       |       |       |     2 ||     2
 Stab: Invisible         |       |     2 |     1 |     1 ||     4
       Sleeping          |       |     1 |    15 |    23 ||    39
Armor: Skin              |       |       |       |     2 ||     2
Dodge: Dodged            |     2 |     7 |     5 |    55 ||    69

Table legend: (Time is in decaauts)
 A = Elapsed time spent in this place.
 B = Non-inter-level travel time spent in this place.
 C = Inter-level travel time spent in this place.
 D = Time resting spent in this place.
 E = Time spent auto-exploring this place.
 F = Levels seen in this place.
 G = Mean time per level.
                   A        B        C        D        E       F      G
               +--------+--------+--------+--------+--------+-----+--------+
         Total |   4587 |   4587 |      0 |   3813 |      0 |   1 | 4587.0 |
       Dungeon |   4587 |   4587 |      0 |   3813 |      0 |   1 | 4587.0 |
               +--------+--------+--------+--------+--------+-----+--------+

Top non-repeatable levels by time:
       D: 4587 daAuts
